[Event "FIDE World Junior U20-ch Girls 2025"]
[Site "Petrovac"]
[Date "2025.02.28"]
[Round "4.1"]
[White "Zhurova, Anna"]
[Black "Allahverdiyeva, Ayan"]
[Result "1/2-1/2"]
[Annotator "RC"]
[ECO "B90"]
[WhiteElo "2307"]
[BlackElo "2284"]
[PlyCount "167"]
[EventDate "2025.02.23"]
[EventType "swiss"]
[EventCountry "MNE"]
[SourceTitle "playchess.com"]
[Source "ChessBase"]
[SourceQuality "1"]
[TimeControl "40/5400+30:1800+30"]

1. e4 c5 2. Nf3 d6 3. d4 cxd4 4. Nxd4 Nf6 5. Nc3 a6 6. Be3 e5 7. Nf3 Qc7 8. a4 Be7 9. Be2 O-O 10. O-O Nbd7 11. Nd2 b6 12. Nc4 Rb8 13. f3 Nc5 14. Bf2 Ne6 15. Ne3 Nf4 16. Bc4 Bb7 17. Kh1 Rfc8 18. Bb3 Qd8 19. Qd2 Ba8 20. Nf5 Bf8 21. Rfd1 Ne8 22. Bh4 Qd7 23. Bg3 Ng6 24. Ne3 Be7 25. Nf5 Qd8 26. Qd3 Bb7 27. Nd5 Bf8 28. Bf2 Bxd5 29. Qxd5 Qf6 30. Qd3 Nf4 31. Qxa6 d5 32. c3 dxe4 33. fxe4 Qg6 34. Qf1 Nf6 35. Nd6 Bxd6 36. Rxd6 Qxe4 37. Bg3 Qf5 38. Bxf4 exf4 39. Rd4 Ne4 40. Qf3 Re8 41. Kg1 Rbd8 42. Re1 Nc5 43. Rxd8 Rxd8 44. Qc6 Rf8 45. Bc4 g6 46. b4 Rc8 47. Qb5 f3 48. gxf3 Qxf3 49. Re8+ Rxe8 50. Qxe8+ Kg7 51. Qe5+ Kg8 52. Be2 Qe4 53. Qxe4 Nxe4 54. a5 bxa5 55. bxa5 Nxc3 56. a6 Nd5 57. a7 Nc7 58. Bf3 Kf8 59. Kf2 Ke7 60. Ke3 Kd6 61. Kf4 f6 62. Bb7 Kc5 63. Ke4 Kb6 64. a8=Q Nxa8 65. Bxa8 Kc5 66. Bd5 Kd6 67. Kd4 Ke7 68. Bc4 Kf8 69. Kd5 Kg7 70. Ke6 h5 71. Be2 h4 72. Bg4 f5 73. Bh3 g5 74. Kxf5 g4 75. Kxg4 Kh8 76. Kg5 Kg7 77. Kf5 Kh8 78. Kf6 Kg8 79. Kg6 Kh8 80. Kh6 Kg8 81. Be6+ Kh8 82. Bf5 Kg8 83. h3 Kh8 84. Bh7 1/2-1/2

[Event "FIDE World Junior U20-ch Girls 2025"]
[Site "Petrovac"]
[Date "2025.02.28"]
[Round "4.2"]
[White "Gaal, Zsoka"]
[Black "Kurmangaliyeva, Liya"]
[Result "1/2-1/2"]
[Annotator "RC"]
[ECO "D27"]
[WhiteElo "2404"]
[BlackElo "2251"]
[PlyCount "139"]
[EventDate "2025.02.23"]
[EventType "swiss"]
[EventCountry "MNE"]
[SourceTitle "playchess.com"]
[Source "ChessBase"]
[SourceQuality "1"]
[TimeControl "40/5400+30:1800+30"]

1. d4 d5 2. c4 dxc4 3. Nf3 Nf6 4. e3 e6 5. Bxc4 c5 6. O-O a6 7. Be2 Nbd7 8. Nbd2 Be7 9. b3 O-O 10. Bb2 b6 11. dxc5 Bxc5 12. Nd4 Bb7 13. Bf3 Bxf3 14. Qxf3 Rc8 15. Rfd1 b5 16. a4 Qb6 17. axb5 axb5 18. Qe2 Rb8 19. Nb1 e5 20. Nc2 Qe6 21. b4 Be7 22. Ra7 Rfc8 23. Nba3 Nb6 24. Ra6 Qf5 25. e4 Qxe4 26. Qxe4 Nxe4 27. Bxe5 Rb7 28. Re1 Ng5 29. f4 Ne6 30. f5 Nf8 31. Rd1 Nfd7 32. Bd6 Bf6 33. Ne3 Bg5 34. Nd5 Nc4 35. Bg3 h5 36. h4 Bf6 37. Nc2 Kh7 38. Bf2 Be5 39. Ne7 Re8 40. Nc6 Bf6 41. Ra7 Rxa7 42. Nxa7 Nde5 43. Nxb5 Ng4 44. Bd4 Bxh4 45. Nc3 Nd6 46. Rf1 Rc8 47. Bc5 Nb7 48. Bd4 Bf6 49. Bxf6 Nxf6 50. Rf3 Nd6 51. Rd3 Nde4 52. Nxe4 Nxe4 53. Ne3 Rc1+ 54. Rd1 Rc3 55. Nd5 Rb3 56. Re1 Ng3 57. f6 g5 58. Re3 Rb1+ 59. Kf2 h4 60. Kf3 Kh6 61. Re8 Rd1 62. Ne3 Rd4 63. Ng4+ Kh7 64. Ne5 Rxb4 65. Nxf7 Rf4+ 66. Ke3 Kg6 67. Nh8+ Kxf6 68. Rf8+ Kg7 69. Rxf4 gxf4+ 70. Kxf4 1/2-1/2

[Event "FIDE World Junior U20-ch Girls 2025"]
[Site "Petrovac"]
[Date "2025.02.28"]
[Round "4.3"]
[White "Kaldarova, Ayaulym"]
[Black "Nurman, Alua"]
[Result "0-1"]
[Annotator "ChessBase"]
[ECO "A34"]
[WhiteElo "2248"]
[BlackElo "2336"]
[PlyCount "56"]
[EventDate "2025.02.23"]
[EventType "swiss"]
[EventCountry "MNE"]
[SourceTitle "playchess.com"]
[Source "ChessBase"]
[SourceQuality "1"]
[TimeControl "40/5400+30:1800+30"]

1. Nf3 c5 2. c4 Nf6 3. Nc3 Nc6 4. g3 d5 5. d4 cxd4 6. Nxd4 e5 7. Nxc6 bxc6 8. Bg2 d4 9. Bxc6+ Bd7 10. Bxa8 Qxa8 11. Nd5 Nxd5 12. cxd5 Qxd5 13. f3 Bc5 14. Qd3 O-O 15. a3 f5 16. e4 fxe4 17. fxe4 Qb7 18. Bd2 Kh8 19. a4 Bh3 20. Rg1 Qxb2 21. Rb1 Qa2 22. g4 Qf7 23. Kd1 Qf2 24. Qxh3 Qxg1+ 25. Be1 Bb6 26. Qh4 Qe3 27. Qg3 Qxe4 28. Rb3 Rc8 0-1

[Event "FIDE World Junior U20-ch Girls 2025"]
[Site "Petrovac"]
[Date "2025.02.28"]
[Round "4.4"]
[White "Kairbekova, Amina"]
[Black "Kaliakhmet, Elnaz"]
[Result "1-0"]
[Annotator "ChessBase"]
[ECO "B33"]
[WhiteElo "2336"]
[BlackElo "2242"]
[PlyCount "75"]
[EventDate "2025.02.23"]
[EventType "swiss"]
[EventCountry "MNE"]
[SourceTitle "playchess.com"]
[Source "ChessBase"]
[SourceQuality "1"]
[TimeControl "40/5400+30:1800+30"]

1. e4 c5 2. Nf3 Nc6 3. d4 cxd4 4. Nxd4 Nf6 5. Nc3 e5 6. Nde2 Bb4 7. a3 Ba5 8. b4 Bb6 9. Qd6 Qe7 10. Qxe7+ Nxe7 11. Bg5 d6 12. Bxf6 gxf6 13. Nb5 O-O 14. Nxd6 f5 15. c4 fxe4 16. c5 Bc7 17. Nc3 Bxd6 18. cxd6 Nc6 19. Nxe4 Bf5 20. Bd3 Kg7 21. Rd1 a5 22. O-O axb4 23. axb4 Nxb4 24. Bb1 Na6 25. Rd5 f6 26. Ng3 Bd7 27. f4 Nb4 28. Rc5 Na6 29. Rc3 Rae8 30. Nh5+ Kh6 31. f5 Kxh5 32. Rh3+ Kg5 33. Rxh7 Bc6 34. Bc2 Rh8 35. h4+ Kg4 36. Bd1+ Kg3 37. Rg7+ Kxh4 38. Kf2 1-0

[Event "FIDE World Junior U20-ch Girls 2025"]
[Site "Petrovac"]
[Date "2025.02.28"]
[Round "4.5"]
[White "Hrebenshchykova, Yelyzaveta"]
[Black "Savitha Shri B"]
[Result "1-0"]
[Annotator "RC"]
[ECO "B52"]
[WhiteElo "2259"]
[BlackElo "2332"]
[PlyCount "125"]
[EventDate "2025.02.23"]
[EventType "swiss"]
[EventCountry "MNE"]
[SourceTitle "playchess.com"]
[Source "ChessBase"]
[SourceQuality "1"]
[TimeControl "40/5400+30:1800+30"]

1. e4 c5 2. Nf3 d6 3. Bb5+ Bd7 4. Bxd7+ Qxd7 5. O-O g6 6. d4 cxd4 7. Nxd4 Nf6 8. f3 Bg7 9. c4 Nc6 10. Be3 Rc8 11. Nc3 Nxd4 12. Qxd4 O-O 13. Qd3 b6 14. Rac1 Qb7 15. b3 Nd7 16. Nd5 Nc5 17. Qd2 Rfe8 18. Rc2 a5 19. Rb1 e6 20. Nc3 Rcd8 21. Rd1 Na6 22. Qf2 Bxc3 23. Rxc3 Nc5 24. Qh4 f5 25. exf5 exf5 26. Bd4 Qf7 27. Rc2 d5 28. Bb2 Qe6 29. Qd4 Qe3+ 30. Qxe3 Rxe3 31. cxd5 Rd3 32. Rxd3 Nxd3 33. Bd4 Rxd5 34. Bxb6 Nb4 35. Re2 Rd1+ 36. Kf2 f4 37. g3 Nd3+ 38. Kg2 Ne1+ 39. Kh3 Nxf3 40. Kg4 Rf1 41. gxf4 h5+ 42. Kg3 Ne1 43. Bxa5 Rf3+ 44. Kh4 Rxf4+ 45. Kg5 Rg4+ 46. Kf6 Nf3 47. Bc3 Kh7 48. a4 Rf4+ 49. Ke7 Nh4 50. a5 Rf3 51. Rc2 Rd3 52. b4 Nf5+ 53. Ke6 Rd6+ 54. Ke5 Rc6 55. Rc1 h4 56. Bd2 Rd6 57. Rc7+ Kg8 58. Bc3 Rd8 59. a6 Re8+ 60. Kf6 Nd6 61. a7 Ra8 62. Rg7+ Kf8 63. Rh7 1-0

[Event "FIDE World Junior U20-ch Girls 2025"]
[Site "Petrovac"]
[Date "2025.02.28"]
[Round "4.6"]
[White "Velpula Sarayu"]
[Black "Kirtadze, Anastasia"]
[Result "1-0"]
[Annotator "ChessBase"]
[ECO "B12"]
[WhiteElo "2315"]
[BlackElo "2218"]
[PlyCount "113"]
[EventDate "2025.02.23"]
[EventType "swiss"]
[EventCountry "MNE"]
[SourceTitle "playchess.com"]
[Source "ChessBase"]
[SourceQuality "1"]
[TimeControl "40/5400+30:1800+30"]

1. e4 c6 2. d4 d5 3. e5 Bf5 4. Nf3 e6 5. Be2 c5 6. O-O Nc6 7. Be3 c4 8. b3 b5 9. c3 h6 10. a4 a6 11. Na3 Qb8 12. b4 g5 13. Ne1 Nge7 14. g4 Bh7 15. Ng2 Ng6 16. Qd2 Rg8 17. Bd1 Be7 18. h3 Kd7 19. Bc2 Rg7 20. f4 gxf4 21. Bxf4 Nxf4 22. Nxf4 Bg6 23. Nxg6 fxg6 24. Qxh6 Qg8 25. axb5 Nd8 26. Qe3 Nf7 27. bxa6 Rh7 28. Kg2 Ng5 29. Rh1 Rxa6 30. h4 Nf7 31. h5 gxh5 32. Bxh7 Qxh7 33. Qe2 Ng5 34. Rxh5 Qg6 35. Nc2 Rxa1 36. Nxa1 Qb1 37. Rh1 Qg6 38. Nc2 Ne4 39. Rh3 Bg5 40. b5 Bd2 41. Ne3 Bxc3 42. Qa2 Bxd4 43. Qa6 Bxe5 44. Qa7+ Ke8 45. Rh7 Kf8 46. Qa8+ Qe8 47. Qxe8+ Kxe8 48. b6 Kd8 49. b7 Bb8 50. Nc2 e5 51. Nb4 Bd6 52. Nxd5 c3 53. Rh6 Kd7 54. Rxd6+ Kxd6 55. Nxc3 Nxc3 56. b8=Q+ Kd5 57. g5 1-0

[Event "FIDE World Junior U20-ch Girls 2025"]
[Site "Petrovac"]
[Date "2025.02.28"]
[Round "4.7"]
[White "Omonova, Umida"]
[Black "Toncheva, Nadya"]
[Result "1-0"]
[Annotator "ChessBase"]
[ECO "B47"]
[WhiteElo "2228"]
[BlackElo "2311"]
[PlyCount "97"]
[EventDate "2025.02.23"]
[EventType "swiss"]
[EventCountry "MNE"]
[SourceTitle "playchess.com"]
[Source "ChessBase"]
[SourceQuality "1"]
[TimeControl "40/5400+30:1800+30"]

1. e4 c5 2. Nf3 e6 3. d4 cxd4 4. Nxd4 Nc6 5. Nc3 Qc7 6. g3 a6 7. Bg2 Nf6 8. O-O Be7 9. Re1 Nxd4 10. Qxd4 d6 11. e5 dxe5 12. Qxe5 Qxe5 13. Rxe5 O-O 14. Re1 Nd7 15. Be3 Bc5 16. Rad1 Ra7 17. Bf4 Bb4 18. a3 Bxc3 19. bxc3 e5 20. Bxe5 Nxe5 21. Rxe5 b5 22. Rc5 Be6 23. Be4 g6 24. f3 Kg7 25. Kf2 Re8 26. Rd6 Bc4 27. g4 Ree7 28. h4 Re8 29. Ke3 Re6 30. Rxe6 Bxe6 31. Rc6 Bc4 32. Kd4 Rd7+ 33. Ke3 Re7 34. g5 a5 35. Kf4 Rd7 36. Ke5 Rd1 37. a4 Ra1 38. axb5 Bxb5 39. Rc5 Bd7 40. Bd5 a4 41. Kd6 Be8 42. Rc8 Re1 43. Ra8 Kf8 44. c4 Re7 45. c5 Rd7+ 46. Ke5 Re7+ 47. Kd4 Rc7 48. c6 Ke7 49. Ke4 1-0

[Event "FIDE World Junior U20-ch Girls 2025"]
[Site "Petrovac"]
[Date "2025.02.28"]
[Round "4.8"]
[White "Mgeladze, Kesaria"]
[Black "Karmanova, Olga Dm."]
[Result "1-0"]
[Annotator "ChessBase"]
[ECO "B11"]
[WhiteElo "2219"]
[BlackElo "2292"]
[PlyCount "119"]
[EventDate "2025.02.23"]
[EventType "swiss"]
[EventCountry "MNE"]
[SourceTitle "playchess.com"]
[Source "ChessBase"]
[SourceQuality "1"]
[TimeControl "40/5400+30:1800+30"]

1. e4 c6 2. Nf3 d5 3. Nc3 Bg4 4. h3 Bxf3 5. Qxf3 e6 6. g3 Bc5 7. Bg2 Nd7 8. O-O d4 9. Nb1 h5 10. d3 h4 11. g4 Ne7 12. Qe2 Ng6 13. f4 e5 14. f5 Ngf8 15. Nd2 Be7 16. Nf3 a5 17. Kh1 a4 18. a3 Nh7 19. Qd2 Nhf6 20. Qf2 Nxg4 21. hxg4 h3 22. Qg3 hxg2+ 23. Kxg2 Qa5 24. Bd2 Qb5 25. Rab1 O-O-O 26. b4 axb3 27. Rxb3 Qa4 28. Rfb1 b5 29. Bb4 Rde8 30. Bxe7 Rxe7 31. R1b2 Rhe8 32. Ra2 Nc5 33. Rb1 Qa5 34. Rh1 b4 35. Qe1 Ra7 36. Rh7 f6 37. Ra1 Qa4 38. Qc1 bxa3 39. Nd2 a2 40. Nc4 Kd8 41. Qb2 Ke7 42. Rxg7+ Kf8 43. Rxa7 Qxa7 44. Qxa2 Qg7 45. Kg3 Qh6 46. Rf1 Nb7 47. Qa3+ c5 48. Qc1 Qg7 49. Rh1 Ra8 50. Nb6 Ra6 51. Nd5 c4 52. Qb1 Rc6 53. Qb4+ Nd6 54. Ra1 Qh6 55. Ra8+ Kg7 56. Ra7+ Kh8 57. Qb8+ Nc8 58. Rd7 Qf8 59. Qb7 Rd6 60. Rf7 1-0

[Event "FIDE World Junior U20-ch Girls 2025"]
[Site "Petrovac"]
[Date "2025.02.28"]
[Round "4.9"]
[White "Yakimova, Mariya"]
[Black "Mungunzul, Bat-Erdene"]
[Result "1-0"]
[Annotator "ChessBase"]
[ECO "A56"]
[WhiteElo "2201"]
[BlackElo "2268"]
[PlyCount "125"]
[EventDate "2025.02.23"]
[EventType "swiss"]
[EventCountry "MNE"]
[SourceTitle "playchess.com"]
[Source "ChessBase"]
[SourceQuality "1"]
[TimeControl "40/5400+30:1800+30"]

1. d4 Nf6 2. c4 c5 3. d5 g6 4. Nc3 d6 5. e4 Bg7 6. h3 O-O 7. Nf3 e6 8. Be2 Na6 9. O-O e5 10. g4 h5 11. Ng5 Nh7 12. Nxh7 Kxh7 13. Kg2 hxg4 14. hxg4 Rh8 15. Rh1+ Kg8 16. Rxh8+ Bxh8 17. Be3 Nc7 18. Qh1 Bg7 19. g5 Bd7 20. a4 Ne8 21. Bd2 Rb8 22. Qh4 a6 23. a5 b5 24. axb6 Rxb6 25. Nd1 Rb3 26. Bc3 a5 27. Ne3 a4 28. Bd1 Rb7 29. Bg4 f6 30. Bxd7 Qxd7 31. f3 Ra7 32. Qg4 Qe7 33. gxf6 Qxf6 34. Qc8 Qg5+ 35. Ng4 Kf8 36. b4 Rc7 37. Qe6 Re7 38. Qc8 Rc7 39. Qb8 cxb4 40. Bxb4 Qe7 41. Rxa4 Kf7 42. Ra8 Rb7 43. Qxe8+ Qxe8 44. Rxe8 Kxe8 45. Bxd6 Rb2+ 46. Kg3 Rc2 47. c5 Kd7 48. Bxe5 Bf8 49. c6+ Kc8 50. Ne3 Rc1 51. Bb2 Rg1+ 52. Kf2 Rh1 53. Bd4 Rc1 54. Ng4 Bb4 55. Ne5 Rc2+ 56. Kg3 Bd6 57. Kg4 Rd2 58. Nc4 Rg2+ 59. Kh4 Bb4 60. Be5 Bc5 61. Nd6+ Bxd6 62. Bxd6 Rg1 63. Be5 1-0

[Event "FIDE World Junior U20-ch Girls 2025"]
[Site "Petrovac"]
[Date "2025.02.28"]
[Round "4.10"]
[White "Pipiras, Filipa Fortuna"]
[Black "Lu, Miaoyi"]
[Result "0-1"]
[Annotator "ChessBase"]
[ECO "E20"]
[WhiteElo "2200"]
[BlackElo "2432"]
[PlyCount "88"]
[EventDate "2025.02.23"]
[EventType "swiss"]
[EventCountry "MNE"]
[SourceTitle "playchess.com"]
[Source "ChessBase"]
[SourceQuality "1"]
[TimeControl "40/5400+30:1800+30"]

1. d4 Nf6 2. c4 e6 3. Nc3 Bb4 4. f3 O-O 5. a3 Bxc3+ 6. bxc3 Ne8 7. e4 c5 8. h4 d5 9. cxd5 exd5 10. e5 f6 11. f4 cxd4 12. cxd4 Nc6 13. Be3 Qa5+ 14. Qd2 Qxd2+ 15. Kxd2 fxe5 16. fxe5 Nc7 17. Bd3 Bf5 18. Nf3 Ne6 19. Rab1 b6 20. Rhc1 Na5 21. Rb5 h6 22. Bxf5 Rxf5 23. Kd3 Rd8 24. Rxd5 Rxd5 25. Ke4 Rxf3 26. Kxd5 Rxe3 27. Kxe6 b5 28. Rc8+ Kh7 29. Rc7 Nb3 30. d5 Nd4+ 31. Kd6 b4 32. axb4 Nb5+ 33. Kc6 Nxc7 34. Kxc7 Kg6 35. d6 Kf7 36. d7 Rc3+ 37. Kd6 Rd3+ 38. Kc7 Ke7 39. e6 Rc3+ 40. Kb7 Rc4 41. b5 Rc5 42. b6 axb6 43. Kxb6 Rc2 44. g4 Kd8 0-1

[Event "FIDE World Junior U20-ch Girls 2025"]
[Site "Petrovac"]
[Date "2025.02.28"]
[Round "4.11"]
[White "Tashkinova, Sofiia"]
[Black "Song, Yuxin"]
[Result "0-1"]
[Annotator "ChessBase"]
[ECO "B32"]
[WhiteElo "2197"]
[BlackElo "2381"]
[PlyCount "94"]
[EventDate "2025.02.23"]
[EventType "swiss"]
[EventCountry "MNE"]
[SourceTitle "playchess.com"]
[Source "ChessBase"]
[SourceQuality "1"]
[TimeControl "40/5400+30:1800+30"]

1. e4 c5 2. Nf3 g6 3. d4 cxd4 4. Nxd4 Nc6 5. Be3 Nf6 6. Bd3 Bg7 7. c4 Ne5 8. h3 O-O 9. Nc3 e6 10. Be2 d5 11. cxd5 exd5 12. f4 Nc4 13. Bxc4 dxc4 14. e5 Nd5 15. Nxd5 Qxd5 16. O-O a6 17. a4 Re8 18. Nf3 Qe4 19. Qd4 Bf5 20. Rfe1 Rac8 21. a5 Qc6 22. Qc3 Bxh3 23. Rad1 Bg4 24. Kf2 Red8 25. Bb6 Rd5 26. Rxd5 Qxd5 27. Re2 Bf8 28. Rd2 Qb5 29. Kg3 Bb4 30. Qd4 Bxf3 31. gxf3 Bxd2 32. Qxd2 Qe8 33. Qd4 Qe7 34. Qd6 Re8 35. Qd5 g5 36. Bc5 gxf4+ 37. Kxf4 Qe6 38. Qd4 Kh8 39. Bb6 Qh6+ 40. Ke4 f5+ 41. Kxf5 Rf8+ 42. Kg4 Qg7+ 43. Kh4 Rxf3 44. Qd8+ Rf8 45. Qg5 Qxg5+ 46. Kxg5 Kg7 47. e6 h6+ 0-1

[Event "FIDE World Junior U20-ch Girls 2025"]
[Site "Petrovac"]
[Date "2025.02.28"]
[Round "4.12"]
[White "Wang, Qinxuanyi"]
[Black "Shukhman, Anna"]
[Result "1/2-1/2"]
[Annotator "ChessBase"]
[ECO "E12"]
[WhiteElo "2165"]
[BlackElo "2365"]
[PlyCount "75"]
[EventDate "2025.02.23"]
[EventType "swiss"]
[EventCountry "MNE"]
[SourceTitle "playchess.com"]
[Source "ChessBase"]
[SourceQuality "1"]
[TimeControl "40/5400+30:1800+30"]

1. d4 e6 2. c4 b6 3. Nf3 Bb7 4. a3 Nf6 5. Nc3 d5 6. cxd5 Nxd5 7. Qc2 Be7 8. e4 Nxc3 9. bxc3 O-O 10. Bd3 c5 11. O-O Nd7 12. Bf4 Rc8 13. Qe2 cxd4 14. cxd4 Nf6 15. a4 Rc3 16. Rfc1 Rxc1+ 17. Rxc1 Qa8 18. Nd2 Rc8 19. Re1 Rd8 20. Be5 Qc8 21. h3 Bb4 22. Rd1 Bxd2 23. Rxd2 Qc6 24. f3 a6 25. Rc2 Qxa4 26. Ra2 Qc6 27. Bxa6 Bxa6 28. Qxa6 Ne8 29. Qa4 b5 30. Qb4 f6 31. Bg3 Qc4 32. Qxc4 bxc4 33. Rc2 Rxd4 34. Bf2 Rd1+ 35. Kh2 Nd6 36. Bc5 Kf7 37. Bxd6 Rxd6 38. Rxc4 1/2-1/2

[Event "FIDE World Junior U20-ch Girls 2025"]
[Site "Petrovac"]
[Date "2025.02.28"]
[Round "4.13"]
[White "Nurgaliyeva, Zarina"]
[Black "Karimova, Guldona"]
[Result "1-0"]
[Annotator "ChessBase"]
[ECO "B40"]
[WhiteElo "2265"]
[BlackElo "2200"]
[PlyCount "117"]
[EventDate "2025.02.23"]
[EventType "swiss"]
[EventCountry "MNE"]
[SourceTitle "playchess.com"]
[Source "ChessBase"]
[SourceQuality "1"]
[TimeControl "40/5400+30:1800+30"]

1. e4 c5 2. Nf3 e6 3. c3 Nf6 4. e5 Nd5 5. d4 cxd4 6. cxd4 b6 7. Bc4 Ba6 8. Nbd2 Qc8 9. b3 b5 10. Bxd5 exd5 11. O-O b4 12. Re1 Be7 13. Nf1 Qc6 14. Bg5 Bxf1 15. Rxf1 Bxg5 16. Nxg5 O-O 17. Qf3 h6 18. Rac1 Qb7 19. Nh3 Na6 20. Qg4 f6 21. Nf4 fxe5 22. dxe5 Rf7 23. Nd3 Qb6 24. Kh1 Re8 25. Rfd1 d6 26. Rc8 Rxc8 27. Qxc8+ Rf8 28. Qe6+ Kh7 29. Qe7 Rc8 30. Qd7 Rc7 31. Qf5+ g6 32. Qf3 dxe5 33. Qxd5 Qd4 34. Qxe5 Qxe5 35. Nxe5 Rc2 36. Rd7+ Kg8 37. h3 Rxf2 38. Rxa7 Rxa2 39. Nc6 Ra3 40. Nxb4 Rxb3 41. Nxa6 Ra3 42. Ra8+ Kf7 43. Nc7 Rc3 44. Nd5 Rb3 45. Ra6 Rg3 46. Kh2 Rg5 47. Nf4 h5 48. g3 Rb5 49. Nxg6 Rb2+ 50. Kg1 Rb3 51. Kf2 Rb2+ 52. Kf3 Rb3+ 53. Kf4 Kg7 54. Ne5 h4 55. gxh4 Rxh3 56. Kg5 Rg3+ 57. Ng4 Rb3 58. Ra7+ Kh8 59. Kg6 1-0

[Event "FIDE World Junior U20-ch Girls 2025"]
[Site "Petrovac"]
[Date "2025.02.28"]
[Round "4.14"]
[White "Nguyen Thien Ngan"]
[Black "Balabayeva, Xeniya"]
[Result "0-1"]
[Annotator "ChessBase"]
[ECO "B12"]
[WhiteElo "1923"]
[BlackElo "2264"]
[PlyCount "158"]
[EventDate "2025.02.23"]
[EventType "swiss"]
[EventCountry "MNE"]
[SourceTitle "playchess.com"]
[Source "ChessBase"]
[SourceQuality "1"]
[TimeControl "40/5400+30:1800+30"]

1. e4 c6 2. d4 d5 3. e5 Bf5 4. Nd2 e6 5. Nb3 Nd7 6. Nf3 h6 7. Be2 Ne7 8. O-O Bh7 9. Ne1 Nf5 10. f4 Be7 11. a4 O-O 12. Nd3 b6 13. Nf2 c5 14. c3 c4 15. g4 Nh4 16. Nd2 f5 17. Nf3 fxg4 18. Nxh4 Bxh4 19. Nxg4 Be4 20. Ne3 Rc8 21. Bg4 Qe8 22. Bh5 Bg6 23. Bxg6 Qxg6+ 24. Qg4 Qxg4+ 25. Nxg4 h5 26. Ne3 g6 27. Kg2 Bd8 28. Rb1 Nb8 29. b3 cxb3 30. Rxb3 Nc6 31. Ba3 Rf7 32. Bb4 Nxb4 33. cxb4 Rfc7 34. Kf3 Rc1 35. Rxc1 Rxc1 36. a5 bxa5 37. bxa5 Bxa5 38. Rb8+ Kf7 39. Rh8 Bb6 40. Rh7+ Kf8 41. Ng2 Rf1+ 42. Ke2 Rg1 43. Nh4 Rg4 44. Nf3 Rxf4 45. Ng5 Rxd4 46. Rf7+ Ke8 47. Rf6 Rh4 48. Rxe6+ Kd7 49. Rd6+ Kc8 50. e6 Bd8 51. Nf3 Re4+ 52. Kd3 Bc7 53. Rxd5 Rxe6 54. Rb5 Bb6 55. Nh4 Kd7 56. Rd5+ Ke7 57. Rg5 Kf7 58. Rg3 Bf2 59. Rf3+ Rf6 60. Rxf6+ Kxf6 61. Nf3 Kf5 62. Ke2 Bb6 63. Kf1 a5 64. Ne1 a4 65. Nc2 Bc7 66. Kg2 Be5 67. Na3 Bb2 68. Nc4 a3 69. Nxa3 Bxa3 70. Kh1 Kg4 71. Kg2 Bd6 72. Kg1 Kh3 73. Kh1 g5 74. Kg1 Bxh2+ 75. Kh1 Bd6 76. Kg1 g4 77. Kh1 g3 78. Kg1 Bc5+ 79. Kh1 g2# 0-1

[Event "FIDE World Junior U20-ch Girls 2025"]
[Site "Petrovac"]
[Date "2025.02.28"]
[Round "4.15"]
[White "Mikheeva, Galina"]
[Black "Kanyamarala, Trisha"]
[Result "1/2-1/2"]
[Annotator "ChessBase"]
[ECO "B23"]
[WhiteElo "2238"]
[BlackElo "2178"]
[PlyCount "107"]
[EventDate "2025.02.23"]
[EventType "swiss"]
[EventCountry "MNE"]
[SourceTitle "playchess.com"]
[Source "ChessBase"]
[SourceQuality "1"]
[TimeControl "40/5400+30:1800+30"]

1. e4 c5 2. Nc3 e6 3. f4 d5 4. Bb5+ Bd7 5. Be2 dxe4 6. Nxe4 Bc6 7. Bf3 Nf6 8. Qe2 Be7 9. d3 O-O 10. Nh3 Qb6 11. Nhf2 Nbd7 12. O-O Nd5 13. c4 Nc7 14. Be3 f5 15. Nd2 Bf6 16. Rab1 a5 17. Bxc6 Qxc6 18. Qf3 Qa6 19. Qh3 g6 20. Nf3 Qc6 21. d4 cxd4 22. Nxd4 Qa6 23. Nf3 Rad8 24. b3 e5 25. fxe5 Nxe5 26. Nxe5 Bxe5 27. Rbd1 Ne6 28. Nd3 Bg7 29. Nc5 Nxc5 30. Bxc5 Rfe8 31. Qf3 b5 32. cxb5 Qxb5 33. Bf2 a4 34. bxa4 Qxa4 35. Qb3+ Qxb3 36. axb3 Rxd1 37. Rxd1 Rb8 38. Rb1 Bc3 39. Kf1 Kf7 40. Ke2 Ke6 41. Kd3 Be5 42. h3 Rd8+ 43. Ke2 Rc8 44. b4 Kd5 45. b5 Rc2+ 46. Kf1 Bb8 47. Rd1+ Ke6 48. b6 Rb2 49. Bd4 Rb3 50. Ke2 Be5 51. Bf2 Rb2+ 52. Rd2 Rb3 53. Rd3 Rb2+ 54. Rd2 1/2-1/2

[Event "FIDE World Junior U20-ch Girls 2025"]
[Site "Petrovac"]
[Date "2025.02.28"]
[Round "4.16"]
[White "Zhapova, Yana"]
[Black "Yildiz, Elif Zeren"]
[Result "1-0"]
[Annotator "ChessBase"]
[ECO "B95"]
[WhiteElo "2234"]
[BlackElo "2160"]
[PlyCount "77"]
[EventDate "2025.02.23"]
[EventType "swiss"]
[EventCountry "MNE"]
[SourceTitle "playchess.com"]
[Source "ChessBase"]
[SourceQuality "1"]
[TimeControl "40/5400+30:1800+30"]

1. e4 c5 2. Nf3 d6 3. d4 cxd4 4. Nxd4 Nf6 5. Nc3 a6 6. Bg5 e6 7. Qf3 Nbd7 8. O-O-O Qc7 9. a3 b5 10. Bxf6 Nxf6 11. g4 Bb7 12. g5 Nd7 13. Qe3 Rc8 14. h4 Nb6 15. Rh3 e5 16. Nb3 Na4 17. Qd2 Nxc3 18. Rxc3 Qd8 19. Bh3 Rc7 20. f4 exf4 21. e5 d5 22. Rxc7 Qxc7 23. Qxf4 Be7 24. Nd4 O-O 25. Rf1 g6 26. h5 Qd8 27. Rg1 Qb6 28. Kb1 Bc5 29. Rd1 Bxd4 30. Rxd4 Re8 31. hxg6 Qxg6 32. Bd7 Rf8 33. Rd2 Bc8 34. Rxd5 Bxd7 35. Rxd7 Rc8 36. Rd2 Qc6 37. Qf5 Re8 38. Rd6 Qh1+ 39. Ka2 1-0

[Event "FIDE World Junior U20-ch Girls 2025"]
[Site "Petrovac"]
[Date "2025.02.28"]
[Round "4.17"]
[White "Ter-Avetisjana, Agnesa Stepania"]
[Black "Wang, Chuqiao"]
[Result "1/2-1/2"]
[Annotator "ChessBase"]
[ECO "C77"]
[WhiteElo "2133"]
[BlackElo "2227"]
[PlyCount "97"]
[EventDate "2025.02.23"]
[EventType "swiss"]
[EventCountry "MNE"]
[SourceTitle "playchess.com"]
[Source "ChessBase"]
[SourceQuality "1"]
[TimeControl "40/5400+30:1800+30"]

1. e4 e5 2. Nf3 Nc6 3. Bb5 a6 4. Ba4 Nf6 5. Nc3 b5 6. Bb3 Bc5 7. Nd5 d6 8. c3 h6 9. d4 Ba7 10. Nxf6+ Qxf6 11. Bd5 Bd7 12. a4 O-O 13. O-O Bb6 14. Be3 Rad8 15. axb5 axb5 16. dxe5 dxe5 17. Bxb6 cxb6 18. Ne1 Ne7 19. Qf3 Qg5 20. Qe3 Nxd5 21. exd5 Bg4 22. Nc2 Qg6 23. Nb4 e4 24. Nc6 Rfe8 25. Nd4 Rxd5 26. f4 Bf5 27. Ra7 b4 28. Rfa1 bxc3 29. bxc3 Rd7 30. Rxd7 Bxd7 31. Ra7 Qd6 32. h3 Qd5 33. c4 Qd6 34. Kf2 Re7 35. Ra8+ Kh7 36. Nb3 Qc6 37. Ra6 Qxc4 38. Rxb6 Ba4 39. Nc5 Bb5 40. Kg1 Kg8 41. Rb8+ Kh7 42. h4 Bc6 43. Rc8 Bd5 44. Kh2 Be6 45. Rd8 Bf5 46. Nb3 Bg4 47. Nd4 Qd3 48. Ne6 Qxe3 49. Nf8+ 1/2-1/2

[Event "FIDE World Junior U20-ch Girls 2025"]
[Site "Petrovac"]
[Date "2025.02.28"]
[Round "4.18"]
[White "Khuslen, Erdenebayar"]
[Black "Shokirjonova, Barchinoy"]
[Result "1/2-1/2"]
[Annotator "ChessBase"]
[ECO "D10"]
[WhiteElo "2201"]
[BlackElo "2061"]
[PlyCount "83"]
[EventDate "2025.02.23"]
[EventType "swiss"]
[EventCountry "MNE"]
[SourceTitle "playchess.com"]
[Source "ChessBase"]
[SourceQuality "1"]
[TimeControl "40/5400+30:1800+30"]

1. d4 d5 2. c4 c6 3. Nc3 dxc4 4. a4 e5 5. dxe5 Qxd1+ 6. Kxd1 Be6 7. e4 Na6 8. f4 Rd8+ 9. Ke2 f5 10. Nf3 fxe4 11. Ng5 Bf5 12. Kf2 h6 13. Ngxe4 Nc5 14. Nxc5 Bxc5+ 15. Kf3 Bd3 16. Be2 Ne7 17. Ne4 Bb4 18. Nf2 O-O 19. Bxd3 cxd3 20. Be3 d2 21. Ke4 Nd5 22. Nd3 Ba5 23. Rhd1 Nf6+ 24. exf6 Rfe8+ 25. Ne5 gxf6 26. Ra3 fxe5 27. fxe5 Rd5 28. Bf4 Bc7 29. Rxd2 Rxd2 30. Bxd2 Rxe5+ 31. Kd3 h5 32. Rb3 Rd5+ 33. Ke2 b5 34. axb5 Rxb5 35. Rxb5 cxb5 36. h3 Kf7 37. Kd3 Ke6 38. Ke4 a5 39. g4 hxg4 40. hxg4 Be5 41. Bxa5 Bxb2 42. Bb4 1/2-1/2